AoeStats
← thomas89671173

African Clearing

510738532Analyzed
4v4 RM · 1d ago on Oct 2, 2026· 33m 46s· 8 players
Game mode
Random Map
Map size
Large (8 player)
Population
200
Speed
Normal
Resources
Standard
Victory
Conquest
Starting age
Dark Age
Ending age
Imperial Age
RankedLock teamsTeams togetherTeam positionsShared explorationLock speedFull tech treeHidden civsTurbo modeCheats
Victory
Defeat
🇨🇳 Turks · China
1427
+10
🇨🇳 Sicilians · China
1371
+13
🇹🇼 Tupi · Taiwan
1369
+13
🇺🇸 Hindustanis · United States
1340
+13
🇩🇰 Maya · Denmark
1331
-14
🇨🇳 Turks · China
1295
-12
🇬🇷 Georgians · Greece
1292
-12
🇳🇴 Poles · Norway
1272
-11
FATBOY <OBAMA>
11:34 Feudal Age
12:36 Double-Bit Axe
15:08 Horse Collar
20:18 Wheelbarrow
21:02 Forging
23:30 Castle Age
22:35 Gold Mining
22:35 Stone Mining
22:35 Gold Mining
23:14 Scale Barding Armor
23:24 Bloodlines
24:45 Chain Barding Armor
26:11 Town Watch
28:50 Bow Saw
31:38 Hand Cart
32:00 Heavy Plow
32:55 Gold Shaft Mining
32:56 Stone Shaft Mining
35:39 Imperial Age
32:58 Loom
33:58 Stone Shaft Mining
34:49 Iron Casting
YccClala
4:04 Loom
12:30 Feudal Age
13:45 Man-at-Arms
18:07 Fletching
24:20 Double-Bit Axe
26:50 Castle Age
27:49 Bow Saw
30:03 Wheelbarrow
30:33 Bodkin Arrow
31:17 Horse Collar
33:33 Stone Mining
34:20 Hand Cart
thomas89671173
8:36 Loom
13:52 Feudal Age
18:22 Castle Age
17:47 Double-Bit Axe
21:41 Bow Saw
23:18 Fletching
24:57 Bodkin Arrow
26:25 Padded Archer Armor
28:20 Wheelbarrow
32:33 Imperial Age
31:36 Hand Cart
31:07 Town Watch
姬七兮
12:02 Loom
14:41 Feudal Age
18:32 Castle Age
21:05 Double-Bit Axe
22:03 Bow Saw
23:42 Wheelbarrow
22:52 Town Watch
22:56 Horse Collar
24:48 Heavy Plow
30:45 Imperial Age
28:50 Bloodlines
28:41 Husbandry
29:06 Scale Barding Armor
29:11 Forging
29:26 Husbandry
30:08 Hand Cart
30:36 Chain Barding Armor
32:01 Plate Barding Armor
30:56 Heavy Camel Rider
32:22 Forging
33:17 Conscription
Dongart
8:27 Loom
12:25 Feudal Age
14:26 Double-Bit Axe
16:03 Fletching
19:12 Horse Collar
20:42 Padded Archer Armor
26:41 Castle Age
26:18 Scale Mail Armor
26:28 Forging
26:46 Crossbowman
Noob
9:56 Loom
12:40 Feudal Age
13:40 Double-Bit Axe
18:45 Castle Age
22:36 Bloodlines
22:46 Scale Barding Armor
23:47 Horse Collar
28:23 Szlachta Privileges
28:58 Bow Saw
28:54 Heavy Plow
30:21 Husbandry
31:46 Chain Barding Armor
32:17 Forging
32:45 Wheelbarrow
会走位
5:12 Loom
13:07 Feudal Age
19:01 Castle Age
16:58 Double-Bit Axe
18:54 Horse Collar
20:58 Bow Saw
22:13 Wheelbarrow
26:22 Hand Cart
26:09 Gold Mining
26:09 Stone Mining
33:43 Imperial Age
31:37 Padded Archer Armor
31:28 Fletching
31:59 Thumb Ring
32:46 Heavy Plow
33:04 Leather Archer Armor
32:44 Bodkin Arrow
33:53 Scale Barding Armor
mojotzotzo
3:33 Loom
14:13 Feudal Age
16:01 Fletching
21:11 Castle Age
22:45 Horse Collar
22:56 Double-Bit Axe
28:58 Bow Saw
32:16 Town Watch
33:08 Wheelbarrow
33:08 Ballistics
33:12 Stone Mining
33:13 Gold Mining
Connection lost

Rejoining the realm…

Still unreachable

The connection could not be restored.

Session expired

The server has moved on; the page needs a fresh start.